Map: Lost and Found LE

Players

drumhead

  • Race: Protoss Protoss
  • Spawn Location: 1:00

PiLiPiLi - Winner!

  • Race: Protoss Protoss
  • Spawn Location: 7:00

Event: WCS Austin 2018

VOD

Have the link to the VOD?

Description

Time

  • Played on: June 1, 2018, 3:15 p.m.
  • Length: 2:48

All games in this series

Show
View Real Time Build Order
Export as new Build Order

drumhead Protoss 

Build Orders:  

Get SALT Encoding   

  12  0:00  Probe  
  13  0:13  Probe  
  14  0:17  Pylon  
  14  0:25  Probe  
  15  0:34  Probe  
  15  0:37  Gateway  
  15  0:42  Probe  
  16  0:47  Assimilator  
  17  0:51  Probe  
  18  0:58  Assimilator  
  18  1:03  Probe  
  19  1:16  Probe  
  19  1:17  Pylon  
  20  1:24  Zealot  
  20  1:28  Probe  
  21  1:37  Cybernetics Core  
  23  1:40  Probe  
  24  1:52  Probe  
  25  2:08  Nexus  
Show
View Real Time Build Order
Export as new Build Order

PiLiPiLi Protoss - Winner!

Build Orders: Cannon Rush 

Get SALT Encoding   

  12  0:01  Probe  
  13  0:13  Probe  
  14  0:17  Pylon  
  14  0:33  Probe  
  14  0:35  Forge  
  14  0:41  Probe  
  16  0:52  Probe  
  17  1:04  Probe  
  17  1:10  Pylon  
  18  1:11  Pylon  
  18  1:18  Pylon  
  18  1:30  Photon Cannon  
  18  1:33  Pylon  
  18  1:45  Pylon  
  18  1:51  Photon Cannon  
  18  1:52  Photon Cannon  
  18  2:00  Photon Cannon  
  18  2:03  Photon Cannon  
  18  2:13  Photon Cannon  
  18  2:14  Photon Cannon  
  19  2:27  Probe  
  18  2:35  Probe  
  18  2:36  Gateway  
  19  2:45  Photon Cannon  
Tags
 
Add a new tag
Caveats
  • Supply blocks, unpowered buildings, or Contaminate may cause inaccurate times.
  • Supply counts are checked every 10 seconds.